 Dungeon Crawl Stone Soup version 0.29-b1-12-g9e2288ab2a (webtiles) character file.

Game seed: 11420579228683071192

18 Zeldest the Ruffian (level 2, 0/37 HPs)
             Began as a Naga Transmuter on Aug 23, 2022.
             Succumbed to an adder's poison
             ... on level 2 of the Dungeon.
             The game lasted 00:01:45 (1104 turns).

Zeldest the Ruffian (Naga Transmuter)               Turns: 1104, Time: 00:01:46

Health: 0/37       AC: 21    Str: 12    XL:     2   Next: 70%
Magic:  4/5        EV:  1    Int: 13    God:
Gold:   88         SH:  0    Dex: 11    Spells: 4/5 levels left

rFire   . . .      SeeInvis +     - Unarmed
rCold   . . .      Faith    .   (no shield)
rNeg    . . .      Spirit   .   (body armour currently unavailable)
rPois   +          Reflect  .   (helmet currently unavailable)
rElec   .          Harm     .   (cloak currently unavailable)
rCorr   .          Rampage  .   (gloves currently unavailable)
Will    .....      NoTele   +   (no barding)
Stlth   +.........              (no amulet)
HPRegen 0.12/turn               (no ring)
MPRegen 0.09/turn               (no ring)

@: brilliant, lethally poisoned (0 -> -3), tree-form
A: stationary, stasis, torment immunity, boosted hp, AC +0, large, see
invisible, (deformed body), (poison resistance), (slowness 2), spit poison 1,
(naga tail 1)
a: Spit Poison


You were on level 2 of the Dungeon.
You were a tree.
You visited 1 branch of the dungeon, and saw 2 of its levels.

You collected 88 gold pieces.

Inventory:

Armour
 a - a +0 robe (melded)
Scrolls
 d - a scroll of identify {unknown}
 f - a scroll of vulnerability {unknown}
 i - a scroll of teleportation {unknown}
 k - a scroll of noise {unknown}
Potions
 c - a potion of cancellation {unknown}
 e - a potion of attraction {unknown}
 g - a potion of brilliance
 h - a potion of flight {unknown}
 j - a potion of curing {unknown}
 l - a potion of haste {unknown}


   Skills:
 + Level 1.6 Fighting
 - Level 1.5 Dodging
 + Level 3.3 Unarmed Combat
 - Level 2.0 Spellcasting
 + Level 2.4 Transmutations


You had 4 spell levels left.
You knew the following spells:

 Your Spells              Type           Power      Damage    Failure   Level
a - Beastly Appendage     Tmut           22%        N/A       10%         1

Your spell library contained the following spells:

 Spells                   Type           Power      Damage    Failure   Level
 Wereblood                Tmut           11%        N/A       14%         2
 Spider Form              Tmut/Pois      6%         N/A       43%         3
 Ice Form                 Ice/Tmut       6%         N/A       83%         4


Dungeon Overview and Level Annotations

Branches:
Dungeon (2/15)

Altars:


Innate Abilities, Weirdness & Mutations

You are a tree.
Your roots penetrate the ground, keeping you stationary.
You cannot be teleported.
You are immune to unholy pain and torment.
Your maximum health is greatly increased.
Your equipment is partially melded.
((Your serpentine skin is tough. (AC +0)))
You have supernaturally acute eyesight. (SInv)
((Armour fits poorly on your strangely shaped body.))
((Your system is resistant to poisons. (rPois)))
((You cover ground very slowly.))
You can spit poison.
((You have a snake-like lower body.))


Message History

No target in view!
l - a fuming green potion A quokka comes into view.
An adder comes into view.
The adder hisses angrily.
The quokka bites you.
You miss the quokka. The quokka bites you.
There are monsters nearby!
There are monsters nearby!
You are too injured to fight recklessly!
Casting: Beastly Appendage (safe; 10% risk of failure)
Confirm with . or Enter, or press ? or * to list all spells.
You grow a pair of large bovine horns.
The quokka barely misses you. The adder bites you.
You are poisoned.
The adder poisons you!
You hit the adder.
The adder is heavily wounded.
Your transformation is almost over.
You feel sick. The adder barely misses you. The quokka barely misses you.
The quokka bites you. The adder bites you.
* * * LOW HITPOINT WARNING * * *
You closely miss the adder. Your headbutt misses the adder.
The adder is heavily wounded.
You feel sick. The adder completely misses you. The quokka barely misses you.
You hit the adder. Your headbutt misses the adder.
The adder is severely wounded.
You feel sick. The adder bites you.
* * * LOW HITPOINT WARNING * * *
The quokka closely misses you.
Really quaff the potion of lignification?
Your horns disappear.
You turn into a tree.
Your +0 robe melds into your body.
Your roots penetrate the ground.
* * * LOW HITPOINT WARNING * * *
You feel sick. The adder bites you but does no damage. The quokka bites you.
* * * LOW HITPOINT WARNING * * *
It was a potion of brilliance.
You feel clever all of a sudden.
You die...

########....#
......#....#
###...........
#...............
#.###<..........
#.#.......?.....
.........S......
#.#.....♣r......
#.#..#...#.#....
# #.#..#...# # .
#.##.#......#
#..........##
####.#.#.####.
#.# #..........
#.# ###....###.#
#.# #.........


You could see an adder and a quokka.

Vanquished Creatures
  A dart slug (D:2)
  2 ball pythons
  A giant cockroach (D:1)
  A hobgoblin (D:2)
  2 quokkas (D:1)
  2 bats
  2 frilled lizards (D:1)
  4 goblins
  A kobold (D:1)
  A rat (D:1)
17 creatures vanquished.

Notes
Turn   | Place    | Note
-------+----------+-------------------------------------------
     0 | D:1      | Zeldest the Naga Transmuter began the quest for the Orb.
     0 | D:1      | Reached XP level 1. HP: 18/18 MP: 3/3
    35 | D:1      | Found a faded altar of an unknown god.
   211 | D:1      | Reached XP level 2. HP: 14/25 MP: 3/5
  1103 | D:2      | HP: 1/37 [quokka (2)]
  1104 | D:2      | Succumbed to an adder's poison

Illustrated notes

Levels and vault maps discovered:
D:1:      psy_arrival_heroes, layout_loops_ring, basic_ecumenical_altar
D:2:      cheibrodos_helix_gallery, layout_loops_ring

Action                   || total
-------------------------++-------
Melee: Unarmed           ||    57
       Headbutt          ||     4
       Punch             ||     2
 Cast: Beastly Appendage ||    11
 Abil: Spit Poison       ||     3
  Use: Potion            ||     2
Armor: Robe              ||    14
       Skin              ||     1
Dodge: Dodged            ||    41
